AoeStats
← Hunter331885

Lombardia

509604920Analyzed
4v4 RM · 5d ago on Sep 27, 2026· 65m 50s· 8 players
Game mode
Random Map
Map size
Large (8 player)
Population
200
Speed
Normal
Resources
Standard
Victory
Conquest
Starting age
Dark Age
Ending age
Imperial Age
RankedLock teamsTeams togetherTeam positionsShared explorationLock speedFull tech treeHidden civsTurbo modeCheats
Victory
Defeat
🇺🇸 Teutons · United States
684
+15
🇺🇸 Spanish · United States
661
+16
🇪🇸 Turks · Spain
605
+18
🇪🇸 Romans · Spain
464
+23
🇺🇸 Teutons · United States
684
-20
🇦🇷 Tatars · Argentina
676
-19
🇨🇳 Georgians · China
654
-18
🇧🇴 Burgundians · Bolivia
574
-29
Hunter331885
11:33 Feudal Age
17:21 Forging
17:14 Scale Mail Armor
24:41 Castle Age
23:18 Gold Mining
23:19 Stone Mining
23:15 Horse Collar
23:35 Double-Bit Axe
25:22 Man-at-Arms
25:53 Arson
26:10 Squires
25:59 Gambesons
27:31 Long Swordsman
29:02 Iron Casting
30:19 Chain Mail Armor
33:00 Wheelbarrow
38:09 Imperial Age
35:57 Hand Cart
36:38 Stone Shaft Mining
36:08 Heavy Plow
38:25 Two-Handed Swordsman
40:26 Bow Saw
40:27 Champion
44:02 Blast Furnace
43:34 Plate Mail Armor
48:35 Scale Barding Armor
49:43 Two-Man Saw
JuananRoca
12:09 Feudal Age
12:50 Double-Bit Axe
14:58 Bloodlines
15:35 Forging
16:31 Scale Barding Armor
18:51 Horse Collar
24:12 Castle Age
25:05 Husbandry
26:02 Wheelbarrow
25:59 Heavy Plow
26:12 Bow Saw
27:01 Hand Cart
26:34 Town Watch
28:51 Iron Casting
28:58 Chain Barding Armor
30:19 Town Patrol
35:57 Imperial Age
36:39 Stone Mining
37:19 Gold Mining
38:09 Plate Barding Armor
38:35 Blast Furnace
37:28 Fletching
39:41 Ballistics
39:17 Murder Holes
39:48 Caravan
41:36 Bodkin Arrow
44:45 Artillery
45:09 Conscription
46:49 Elite Janissary
48:05 Hoardings
DuplexPeak9929
0:40 Loom
12:21 Feudal Age
13:54 Wheelbarrow
13:07 Town Watch
13:10 Horse Collar
13:17 Double-Bit Axe
16:56 Gold Mining
17:30 Scale Barding Armor
17:37 Forging
21:18 Castle Age
21:18 Scale Mail Armor
23:10 Light Cavalry
23:53 Husbandry
24:04 Bloodlines
24:52 Bow Saw
24:46 Heavy Plow
25:26 Gold Shaft Mining
24:44 Stone Mining
27:49 Caravan
32:06 Pikeman
32:47 Squires
34:18 Hand Cart
34:06 Town Patrol
35:08 Ballistics
35:13 Chain Barding Armor
38:05 Masonry
38:33 Iron Casting
38:13 Chain Mail Armor
38:19 Ballistas
41:48 Imperial Age
44:34 Conscription
47:05 Comitatenses
46:06 Elite Centurion
47:52 Blast Furnace
47:30 Plate Barding Armor
54:40 Sappers
59:34 Halberdier
59:36 Man-at-Arms
61:35 Chemistry
61:07 Architecture
Flan66X
5:07 Loom
10:56 Feudal Age
12:26 Horse Collar
12:32 Double-Bit Axe
14:47 Wheelbarrow
17:35 Castle Age
16:09 Gold Mining
21:05 Hand Cart
24:24 Fletching
26:04 Ballistics
25:37 Stone Mining
30:49 Caravan
31:09 Padded Archer Armor
33:45 Murder Holes
34:10 Leather Archer Armor
33:51 Bodkin Arrow
37:32 Bow Saw
37:26 Heavy Plow
41:13 Imperial Age
41:29 Thumb Ring
44:08 Elite Conquistador
44:50 Bracer
45:21 Ring Archer Armor
46:42 Two-Man Saw
45:48 Husbandry
45:59 Bloodlines
48:34 Hoardings
48:20 Conscription
51:23 Stone Shaft Mining
63:22 Chemistry
Gracious__Buds
4:50 Loom
14:34 Feudal Age
14:55 Horse Collar
15:54 Wheelbarrow
15:10 Double-Bit Axe
17:29 Stone Mining
18:52 Gold Mining
26:05 Castle Age
27:05 Hand Cart
26:54 Heavy Plow
27:10 Bow Saw
27:21 Fletching
28:06 Gambesons
28:22 Squires
27:45 Pikeman
32:00 Bodkin Arrow
32:49 Ballistics
32:58 Forging
32:49 Scale Mail Armor
37:07 Imperial Age
36:02 Caravan
36:32 Coinage
37:08 Ironclad
39:18 Chemistry
38:05 Arrowslits
40:16 Crop Rotation
40:51 Two-Man Saw
40:27 Crenellations
45:07 Hoardings
48:32 Chain Mail Armor
48:53 Iron Casting
49:08 Banking
48:50 Guilds
56:23 Blast Furnace
55:54 Plate Mail Armor
58:02 Cavalier
61:27 Bloodlines
61:10 Paladin
Lucasavend
0:50 Loom
12:52 Feudal Age
14:47 Wheelbarrow
13:58 Town Watch
14:11 Double-Bit Axe
14:09 Horse Collar
14:55 Gold Mining
28:56 Castle Age
28:15 Stone Mining
30:25 Hand Cart
32:21 Bow Saw
33:23 Heavy Plow
33:59 Caravan
37:01 Imperial Age
36:03 Gold Shaft Mining
39:23 Crop Rotation
45:51 Conscription
45:32 Silk Armor
48:59 Husbandry
49:10 Bloodlines
49:52 Fletching
50:13 Forging
50:09 Scale Barding Armor
50:57 Ballistics
50:21 Treadmill Crane
50:52 Masonry
50:54 Fortified Wall
51:50 Chemistry
50:53 Murder Holes
53:40 Bodkin Arrow
54:21 Iron Casting
54:07 Chain Barding Armor
54:21 Elite Keshik
55:39 Heavy Cavalry Archer
55:57 Light Cavalry
57:51 Bracer
58:52 Blast Furnace
58:29 Plate Barding Armor
60:59 Cavalier
铭海蔚蓝
12:30 Feudal Age
13:04 Loom
17:21 Castle Age
15:15 Horse Collar
15:24 Double-Bit Axe
36:48 Bow Saw
36:43 Heavy Plow
37:19 Wheelbarrow
39:43 Gold Mining
39:47 Stone Mining
40:27 Hand Cart
42:56 Imperial Age
41:41 Caravan
42:30 Stone Shaft Mining
42:55 Forging
43:01 Scale Barding Armor
44:07 Guilds
44:24 Conscription
44:12 Aznauri Cavalry
47:21 Iron Casting
47:07 Chain Barding Armor
47:45 Elite Monaspa
48:45 Town Watch
50:03 Blast Furnace
49:39 Plate Barding Armor
48:49 Heavy Cavalry Archer
49:55 Parthian Tactics
50:54 Town Patrol
52:05 Capped Ram
54:23 Siege Ram
56:15 Fletching
56:25 Padded Archer Armor
57:44 Light Cavalry
58:35 Bloodlines
58:26 Husbandry
58:51 Hussar
YH_LIMBER
6:13 Wheelbarrow
8:44 Double-Bit Axe
11:49 Feudal Age
15:11 Hand Cart
19:53 Horse Collar
20:29 Bow Saw
20:51 Heavy Plow
27:21 Gold Mining
31:40 Castle Age
32:09 Gold Shaft Mining
31:30 Stone Mining
32:43 Forging
32:43 Scale Barding Armor
33:50 Scale Mail Armor
34:14 Chain Barding Armor
33:18 Cavalier
35:47 Chain Mail Armor
36:11 Iron Casting
35:00 Pikeman
35:44 Squires
37:40 Stone Shaft Mining
39:59 Crop Rotation
40:31 Two-Man Saw
44:52 Imperial Age
43:09 Burgundian Vineyards
45:27 Elite Coustillier
47:52 Conscription
47:13 Paladin
47:57 Husbandry
48:37 Plate Barding Armor
48:36 Plate Mail Armor
51:29 Blast Furnace
50:32 Padded Archer Armor
56:35 Fletching
57:04 Leather Archer Armor
59:33 Halberdier
Connection lost

Rejoining the realm…

Still unreachable

The connection could not be restored.

Session expired

The server has moved on; the page needs a fresh start.